 Dungeon Crawl Stone Soup version 0.17-a0-1778-gd369669 (webtiles) character file.

541 ololoev the Poker (level 7, 21/55 HPs)
             Began as a Grey Draconian Skald on Sept 8, 2015.
             Quit the game on level 4 of the Dungeon.
             The game lasted 00:10:31 (5259 turns).

ololoev the Poker (Grey Draconian Skald)            Turns: 5259, Time: 00:10:31

Health: 21/55      AC: 11    Str: 14    XL:     7   Next: 5%
Magic:  10/10      EV: 17    Int: 13    God:
Gold:   99         SH:  0    Dex: 17    Spells: 2 memorised, 7 levels left

rFire  . . .     SeeInvis .     a - +0 trident
rCold  . . .     Clarity  .     (armour unavailable)
rNeg   . . .     SustAt   .     (no shield)
rPois  .         Gourm    .     (helmet restricted)
rElec  .         Spirit   .     (no cloak)
rCorr  .         Warding  .     (no gloves)
rMut   .         Stasis   .     (no boots)
MR     .....                    (no amulet)
Stlth  +++.......               (no ring)
                                (no ring)

@: agile, not resistant to hostile enchantments, fairly stealthy
A: walk through water, unfitting armour, unbreathing, cold-blooded, AC +11
a: no special abilities


Innate Abilities, Weirdness & Mutations

You can walk through water.
Your dull iron-grey scales are very hard (AC +11).
Your body does not fit into most forms of armour.
You can survive without breathing.
You are cold-blooded and may be slowed by cold attacks.

Inventory:

Hand weapons
 a - a +0 trident (weapon)
Armour
 g - a +0 ring mail of poison resistance
Magical devices
 q - a wand of digging (16)
Scrolls
 d - a scroll of enchant weapon {unknown}
 e - a scroll of amnesia {unknown}
 f - a scroll of blinking {unknown}
 h - a scroll of recharging {unknown}
 i - a scroll of enchant armour {unknown}
 m - 7 scrolls of identify {unknown}
 r - 3 scrolls of fear {unknown}
 t - a scroll of noise {unknown}
 x - a scroll of fog {unknown}
Potions
 k - a potion of resistance {unknown}
 l - 2 potions of agility
 o - a potion of might {unknown}
 p - a potion of ambrosia {unknown}
 s - a potion of flight {unknown}
 w - 2 potions of berserk rage {unknown}
Books
 b - a book of Battle

   Spells                             Type                      Level
   a - Infusion                       Charms                       1
   b - Shroud of Golubria             Charms/Translocation         2
   c - Song of Slaying                Charms                       2
   d - Spectral Weapon                Hexes/Charms                 3
   e - Regeneration                   Charms/Necromancy            3
Comestibles
 c - 2 bread rations
 n - a meat ration
 v - a beef jerky


   Skills:
 - Level 2.1 Fighting
 + Level 7.8 Polearms
 - Level 1.3 Dodging
 - Level 2.0 Spellcasting
 - Level 2.6 Charms


You had 7 spell levels left.
You knew the following spells:

 Your Spells              Type           Power        Failure   Level  Hunger
a - Infusion              Chrm           #.....       10%         1    ##.....
b - Song of Slaying       Chrm           #.......     14%         2    ###....


You were on level 4 of the Dungeon.
You were very hungry.

You visited 1 branch of the dungeon, and saw 4 of its levels.

You collected 99 gold pieces.

##### #.#@#
#+#'#'# +...'.#
############...###
.........#.'...+
.........#.#+#+#
.......?.#.#
.........#'#
..!........#

Notes
Turn   | Place    | Note
--------------------------------------------------------------
     0 | D:1      | ololoev the Draconian Skald began the quest for the Orb.
     0 | D:1      | Reached XP level 1. HP: 17/17 MP: 3/3
   142 | D:1      | Reached XP level 2. HP: 14/24 MP: 5/5
   146 | D:1      | Learned a level 2 spell: Song of Slaying
   514 | D:1      | Reached skill level 3 in Polearms
  1005 | D:2      | Reached XP level 3. HP: 20/29 MP: 6/6
  1464 | D:2      | Reached skill level 4 in Polearms
  1559 | D:2      | Found an iron altar of Okawaru.
  1924 | D:2      | Found a blossoming altar of Fedhas.
  1937 | D:2      | Noticed an oklob plant
  2126 | D:2      | Reached XP level 4. HP: 11/36 MP: 4/7
  3272 | D:3      | Reached skill level 5 in Polearms
  3747 | D:3      | Reached XP level 5. HP: 9/41 MP: 8/8
  3983 | D:3      | Found a glowing golden altar of the Shining One.
  4591 | D:4      | Noticed an ogre
  4598 | D:4      | Killed an ogre
  4598 | D:4      | Reached skill level 6 in Polearms
  4598 | D:4      | Reached XP level 6. HP: 12/48 MP: 3/9
  5008 | D:4      | Found Gaefu's Jewellery Boutique.
  5186 | D:4      | Reached skill level 7 in Polearms
  5256 | D:4      | Your scales start taking on a dull iron-grey colour.
  5256 | D:4      | Gained mutation: You can survive without breathing. [Grey Draconian growth]
  5256 | D:4      | Reached XP level 7. HP: 21/55 MP: 10/10
  5259 | D:4      | Quit the game

Dungeon Overview and Level Annotations

Branches:
Dungeon (4/15)
 Temple: D:4-7

Altars:
Fedhas
Okawaru
The Shining One

Shops:
D:4 =

Annotations:
D:2 exclusion: oklob plant


Message History

There is an open door here.
There is an open door here.
As you open the door, it creaks loudly!
An elf zombie comes into view.
You puncture the elf zombie! You tail-slap the elf zombie.
The elf zombie hits you.
You barely miss the elf zombie. You hit the elf zombie.
The elf zombie hits you.
You hit the elf zombie but do no damage.
Your tail-slap misses the elf zombie.
The elf zombie misses you.
You closely miss the elf zombie. You tail-slap the elf zombie.
The elf zombie misses you.
You barely miss the elf zombie. You puncture the elf zombie!
The elf zombie closely misses you.
You hit the elf zombie but do no damage.
The elf zombie closely misses you.
You hit the elf zombie. You closely miss the elf zombie.
The elf zombie hits you.
You barely miss the elf zombie. The elf zombie barely misses you.
You hit the elf zombie.
The elf zombie hits you but does no damage.
You puncture the elf zombie! You puncture the elf zombie!
The elf zombie barely misses you.
You puncture the elf zombie! The elf zombie hits you.
You hit the elf zombie but do no damage.
You tail-slap the elf zombie. The elf zombie hits you.
You closely miss the elf zombie.
Drink which item? (? for menu, Esc to quit)
You feel much better. The elf zombie hits you.
You hit the elf zombie but do no damage.
The elf zombie hits you but does no damage.
You are feeling very hungry.
You hit the elf zombie.
You destroy the elf zombie!
You have reached level 7!
Your scales start taking on a dull iron-grey colour.
You feel breathless.
There is an open door here.
There is a collapsed entrance here.
Are you sure you want to abandon this character and quit the game? (Confirm with "yes".)

There were no monsters in sight!

Vanquished Creatures
  An ogre (D:4)
  An elf zombie (D:4)
  An elf skeleton (D:4)
  A hound (D:4)
  A human zombie (D:4)
  An orc priest (D:3)
  A human skeleton (D:4)
  A centaur skeleton (D:4)
  5 adders
  An ooze (D:4)
  5 worms
  3 giant geckos (D:3)
  24 orcs
  7 bats
  7 giant cockroaches
  6 goblins
  6 hobgoblins
  2 quokkas
  14 giant newts
  8 kobolds
  8 rats
104 creatures vanquished.

Action                   |  1- 3 |  4- 6 |  7- 9 || total
-------------------------+-------+-------+-------++-------
Melee: Spear             |   171 |   174 |       ||   345
       Trident           |       |   141 |       ||   141
 Cast: Infusion          |     4 |     9 |       ||    13
       Song of Slaying   |       |     5 |       ||     5
  Use: Potion            |       |     3 |       ||     3
 Stab: Sleeping          |     1 |     4 |       ||     5
  Eat: Chunk             |     4 |    10 |       ||    14

Vault maps used:
D:1:      ncdulo_watergridlock
D:2:      nicolae_overflow_hidden_temple, serial_forest,
          infiniplex_forest_clump_diagonal, infiniplex_forest_lined_2,
          infiniplex_forest_straight_5, infiniplex_forest_straight_2,
          infiniplex_forest_clump_medium, infiniplex_forest_fountain, tgw_fedhas
D:3:      overflow_temple_1_default, minmay_lizard_king
D:4:      first_bread, serial_shops, shop, nicolae_ossuary_entry_catacombs,
          serial_bayou_pond_a
